 Dungeon Sprint DCSS version 0.21-a0-171-g0f4a3b6 (webtiles) character file.

10787 wazuzu the Brawler (level 13, -24/140 HPs)
             Began as a Troll Monk on Aug 7, 2017.
             Was the Champion of Makhleb.
             Blown up by an orb spider (36 damage)
             ... with an orb of destruction
             ... in the Dungeon (Sprint VI: "Thunderdome").
             The game lasted 00:26:00 (2405 turns).

wazuzu the Brawler (Troll Monk)                     Turns: 2405, Time: 00:26:01

Health: -24/140    AC: 38    Str: 23    XL:     13   Next: 49%
Magic:  24/24      EV:  5    Int: 11    God:    Makhleb [******]
Gold:   59         SH: 12    Dex: 15    Spells: 12/12 levels left

rFire    + + +     SeeInvis +     - Unarmed
rCold    + + .     Gourm    +   m - +0 shield of Precision Catastrophes {*Slow MR+ rCorr Int+2}
rNeg     + + .     Faith    +   r - +12 gold dragon scales
rPois    +         Spirit   .   a - +1 hat of Heixal {rN+}
rElec    +         Reflect  .   s - +2 cloak of Reesikka {+Fly Regen+}
rCorr    +         Harm     .   (gloves unavailable)
MR       +++..     NoTele   +   (boots unavailable)
Stlth    ..........             o - amulet "Usaz" {Faith *Contam rC+ MR+ SInv}
HPRegen  1.13/turn              p - ring of Quogheof {rF+ MR+}
MPRegen  0.19/turn              z - ring "Vikivy" {rElec rN+ Int+3}

@: studying Maces & Flails
A: unfitting armour, claws 3, rugged brown scales 1, blink, fire resistance 1,
fast metabolism 3, gourmand, regeneration 1, shaggy fur 1, tough skin 2, no
potion heal 1
}: 2/15 runes: serpentine, barnacled
a: Blink, Minor Destruction, Lesser Servant of Makhleb, Major Destruction,
Greater Servant of Makhleb, Renounce Religion, Evoke Flight


You were in the Dungeon.
You worshipped Makhleb.
Makhleb was exalted by your worship.
You were completely stuffed.

You visited 1 branch You collected 4650 gold pieces.
You spent 4591 gold pieces at shops.

Inventory:

Armour
 a - the +1 hat of Heixal (worn) {rN+}
   (You bought it in a shop in the Dungeon)

   It protects you from negative energy.
 m - the +0 shield of Precision Catastrophes (worn) {*Slow MR+ rCorr Int+2}
   (You bought it in a shop in the Dungeon)

   It affects your intelligence (+2).
   It affects your resistance to hostile enchantments.
   It protects you from acid and corrosion.
   It may slow you when you take damage.
 r - +12 gold dragon scales (worn)
 s - the +2 cloak of Reesikka (worn) {+Fly Regen+}
   (You bought it in a shop in the Dungeon)

   It lets you fly.
   It increases your rate of regeneration.
Jewellery
 n - the ring "Holudiw" {Ice +Fly rElec, unknown}
   (You bought it in a shop in the Dungeon)

   [ring of ice]

   It enhances your ice magic.
   It makes you vulnerable to fire.
   It protects you from cold.
   It insulates you from electricity.
   It lets you fly.
 o - the amulet "Usaz" (around neck) {Faith *Contam rC+ MR+ SInv}
   (You bought it in a shop in the Dungeon)

   [amulet of faith]

   It allows you to gain divine favour quickly.
   It protects you from cold.
   It affects your resistance to hostile enchantments.
   It lets you see invisible.
   It causes magical contamination when unequipped.
 p - the ring of Quogheof (left claw) {rF+ MR+}
   (You bought it in a shop in the Dungeon)

   [ring of protection from magic]

   It protects you from fire.
   It affects your resistance to hostile enchantments.
 u - the ring "Nohyjuvop" {Fire Int+2, unknown}
   (You bought it in a shop in the Dungeon)

   [ring of fire]

   It enhances your fire magic.
   It affects your intelligence (+2).
   It protects you from fire.
   It makes you vulnerable to cold.
 v - the amulet of Canymy {Gourm rF+ Int+2 SInv, unknown}
   (You bought it in a shop in the Dungeon)

   [amulet of the gourmand]

   It allows you to eat raw meat even when not hungry.
   It affects your intelligence (+2).
   It protects you from fire.
   It lets you see invisible.
 w - the ring "Jetud" {Wiz Int+4, unknown}
   (You bought it in a shop in the Dungeon)

   [ring of wizardry]

   It improves your spell success rate.
   It affects your intelligence (+4).
 x - the ring of Gaone {Wiz rElec Dex+4, unknown}
   (You bought it in a shop in the Dungeon)

   [ring of wizardry]

   It improves your spell success rate.
   It affects your dexterity (+4).
   It insulates you from electricity.
 y - the ring "Pelan" {+Inv rN+, unknown}
   (You bought it in a shop in the Dungeon)

   [ring of positive energy]

   It protects you from negative energy.
   It lets you turn invisible.
 z - the ring "Vikivy" (right claw) {rElec rN+ Int+3}
   (You bought it in a shop in the Dungeon)

   [ring of intelligence]

   It affects your intelligence (+3).
   It insulates you from electricity.
   It protects you from negative energy.
 B - the ring "Vile" {rC+ Stlth+}
   (You bought it in a shop in the Dungeon)

   [ring of protection from cold]

   It protects you from cold.
   It makes you more stealthy.
Wands
 j - a wand of acid (4/15)
 k - a wand of iceblast (1/15)
 t - a wand of clouds (2/9)
Scrolls
 b - 15 scrolls of remove curse
 h - 4 scrolls of blinking
 l - 3 scrolls of fog
Potions
 e - 2 potions of haste
 f - 2 potions of magic
 i - a potion of resistance
 q - 6 potions of mutation
Books
 g - a manual of Maces & Flails
Comestibles
 A - 4 chunks of flesh


   Skills:
 - Level 10.8 Fighting
 - Level 10.9 Armour
 - Level 5.1 Dodging
 - Level 1.0 Stealth
 - Level 10.3 Shields
 - Level 17.1 Unarmed Combat
 + Level 16.9 Invocations


You had 12 spell levels left.
You didn't know any spells.

Dungeon Overview and Level Annotations

Branches:
Dungeon (1/1)

Altars:
Cheibriados
Dithmenos
Fedhas
Gozag
Kikubaaqudgha
Makhleb
Okawaru
Qazlal
Ru
Sif Muna
Trog
Uskayaw
Vehumet
Wu Jian
Xom
Yredelemnul
Zin
The Shining One
Beogh
Jiyva
Lugonu

Shops:
D *[%??*?*:[((!!!!


Innate Abilities, Weirdness & Mutations

You are too large for most types of armour.
You have claws for hands.
Your metabolism is lightning-fast.
You like to eat raw meat.
Your natural rate of healing is unusually fast.
You are covered in fur. (AC +1)
You have very tough skin. (AC +2)
You are partially covered in rugged brown scales. (AC +1, +3% HP)
You can translocate small distances at will.
Your flesh is heat resistant. (rF+)
Potions are less effective at restoring your health.


Message History

The orb spider weaves a glowing orb of energy. x2
The wavering orb of destruction weakly hits your Executioner.
Your cacodemon hits the orb spider. x2; Your Executioner hits the orb spider!!
The orb spider dies!
Makhleb accepts your kill.
The orb spider barely misses your cacodemon.
An orb of destruction comes into view.
Your Executioner gestures.
Your Executioner seems to speed up.
The orb spider spins a strand of pure energy. x2
Your cacodemon hits the orb spider! Your cacodemon hits the orb spider!!
The orb spider dies!
Makhleb accepts your kill. The orb of destruction hits you!
* * * LOW HITPOINT WARNING * * *
There is a spawn point here.
Your system partially rejects the healing.
You feel better.
You swap places.
The orb of destruction hits you!
You die...

##### ##⌠@1##
#.(.§.#
##(.§§.##
##∩..§.2∩##
#∩.(.§.§.∩#
#_((§[..._#
#_.(§...._#
#_(s[...._#
###.(...[...###


You could see an orb spider, a friendly cacodemon and a friendly Executioner.

Vanquished Creatures
  A merfolk avatar (D)
  3 ghouls (D)
  An anaconda (D)
  Nessos (D)
  2 ogre magi (D)
  3 two-headed ogres (D)
  4 centaur warriors (D)
  Sonja (D)
  9 orb spiders (D)
  A shining eye (D)
  2 rust devils (D)
  3 gargoyles (D)
  2 rime drakes (D)
  A kobold demonologist (D)
  A slime creature (D)
  2 bog bodies (D)
  2 golden eyes (D)
  An acid dragon (D)
  4 swamp drakes (D)
  An eye of draining (D)
  A phantom (D)
  2 necrophages (D)
  2 ogres (D)
  7 centaurs (D)
  2 earth elementals (D)
  2 big kobolds (D)
  A gnoll sergeant (D)
  3 wights (D)
  3 jellies (D)
  Crazy Yiuf (D)
  An iron imp (D)
  4 gnolls (D)
  A shadow imp (D)
  An orc (D)
  A bat skeleton (D)
  A bat zombie (D)
  A jackal (D)
  2 quokkas (D)
  A goblin (D)
  2 kobolds (D)
84 creatures vanquished.

Vanquished Creatures (collateral kills)
  A ghoul (D)
  2 orb spiders (D)
  A bog body (D)
  2 necrophages (D)
6 creatures vanquished.

Vanquished Creatures (others)
  10 ball lightnings (D)
10 creatures vanquished.

Grand Total: 100 creatures vanquished

Notes
Turn   | Place    | Note
-------+----------+-------------------------------------------
     0 | D        | wazuzu the Troll Monk began the quest for the Orb.
     0 | D        | Reached XP level 1. HP: 22/22 MP: 0/0
     1 | D        | Found an ornate altar of the Wu Jian Council.
     1 | D        | Found a corrupted altar of Lugonu.
     2 | D        | Found a viscous altar of Jiyva.
     2 | D        | Found a glowing silver altar of Zin.
     3 | D        | Found a sacrificial altar of Ru.
     3 | D        | Found a glowing golden altar of the Shining One.
     4 | D        | Found Upnaev's Bee Food.
     4 | D        | Found a burning altar of Makhleb.
     4 | D        | Found a radiant altar of Vehumet.
     4 | D        | Found Necuar's Identification Station.
     5 | D        | Found Zemut's Jewellery.
     5 | D        | Found Qoequzedd's Advanced Armour.
     5 | D        | Round 1.
     7 | D        | Found an ancient bone altar of Kikubaaqudgha.
     8 | D        | Found a stormy altar of Qazlal.
    11 | D        | Became a worshipper of Makhleb the Destroyer
    11 | D        | Reached * piety under Makhleb
    11 | D        | Reached ** piety under Makhleb
    13 | D        | Noticed Crazy Yiuf
    14 | D        | Found a blossoming altar of Fedhas.
    14 | D        | Found Eryi's Premium Goods.
    19 | D        | Killed Crazy Yiuf
    19 | D        | Reached skill level 6 in Unarmed Combat
    19 | D        | Reached XP level 2. HP: 22/29 MP: 1/1
    19 | D        | Reached XP level 3. HP: 27/36 MP: 2/2
    27 | D        | Found Gaxkamy's Miscellaneous Merchandise.
    28 | D        | Found Noteczorph's Basic Armour.
    29 | D        | Found an opulent altar of Gozag.
    29 | D        | Found Buarut's Weapon Rack.
    33 | D        | Found a deep blue altar of Sif Muna.
    34 | D        | Found a roughly hewn altar of Beogh.
    36 | D        | Found Xuvais's Do-It-Yourself Clinic.
    44 | D        | Bought a +0 troll leather armour for 180 gold pieces
    52 | D        | Reached skill level 7 in Unarmed Combat
    58 | D        | Found Meokh's Bottled Wisdom.
    58 | D        | Found Kygit's Distillery.
    58 | D        | Found a shadowy altar of Dithmenos.
    58 | D        | Found a basalt altar of Yredelemnul.
    58 | D        | Found an iron altar of Okawaru.
    58 | D        | Found Sucza's Distillery.
    73 | D        | Found a bloodstained altar of Trog.
    74 | D        | Found a hide-covered altar of Uskayaw.
    75 | D        | Found a snail-covered altar of Cheibriados.
    76 | D        | Found a shimmering altar of Xom.
    76 | D        | Found Mesi's Staff Store.
    76 | D        | Found Eblylok's Magic Scroll Shop.
    76 | D        | Noticed a gnoll sergeant
    77 | D        | Found Nuisan's Must-Have Magic.
    77 | D        | Found Watem's Magic Scroll Shop.
    88 | D        | Killed a gnoll sergeant
    88 | D        | Reached *** piety under Makhleb
    88 | D        | Reached skill level 9 in Unarmed Combat
    88 | D        | Reached XP level 4. HP: 21/44 MP: 3/3
   126 | D        | Arena points: 14 (+14) [x2]
   126 | D        | Reached skill level 10 in Unarmed Combat
   187 | D        | Round 2.
   223 | D        | Reached **** piety under Makhleb
   266 | D        | Arena points: 56 (+42) [x3]
   266 | D        | Reached XP level 5. HP: 50/50 MP: 4/4
   324 | D        | Round 3.
   344 | D        | Reached skill level 11 in Unarmed Combat
   375 | D        | Reached ***** piety under Makhleb
   381 | D        | Noticed a kobold demonologist
   383 | D        | Noticed an ice devil
   395 | D        | Killed a kobold demonologist
   395 | D        | Reached skill level 5 in Fighting
   395 | D        | Reached XP level 6. HP: 53/66 MP: 4/9
   425 | D        | Noticed Sonja
   436 | D        | Killed Sonja
   436 | D        | Reached skill level 10 in Invocations
   436 | D        | Reached XP level 7. HP: 42/78 MP: 8/13
   436 | D        | Reached XP level 8. HP: 46/87 MP: 8/14
   444 | D        | Gained mutation: You tend to lose your temper in combat. [potion of mutation]
   444 | D        | Gained mutation: Scrolls take you a little longer to read. [potion of mutation]
   444 | D        | Gained mutation: Your spells are a little easier to cast, but a little less powerful. [potion of mutation]
   444 | D        | Gained mutation: You can translocate small distances at will. [potion of mutation]
   470 | D        | Arena points: 140 (+84) [x4]
   491 | D        | Bought a potion of mutation for 56 gold pieces
   514 | D        | Bought a pitted silver amulet for 45 gold pieces
   514 | D        | Bought a smoking platinum ring for 45 gold pieces
   514 | D        | Bought a clouded steel ring for 45 gold pieces
   514 | D        | Identified the amulet "Usaz" {Faith *Contam rC+ MR+ SInv} (You bought it in a shop in the Dungeon)
   515 | D        | Identified the ring of Quogheof {rF+ MR+} (You bought it in a shop in the Dungeon)
   516 | D        | Identified the ring "Vile" {rC+ Stlth+} (You bought it in a shop in the Dungeon)
   517 | D        | Lost mutation: Your spells are a little easier to cast, but a little less powerful. [potion of mutation]
   517 | D        | Lost mutation: You tend to lose your temper in combat. [potion of mutation]
   517 | D        | Lost mutation: You can translocate small distances at will. [potion of mutation]
   517 | D        | Gained mutation: You possess an exceptional clarity of mind. [potion of mutation]
   517 | D        | Gained mutation: Your system is resistant to poisons. (rPois) [potion of mutation]
   517 | D        | Gained mutation: You can translocate small distances at will. [potion of mutation]
   517 | D        | Gained mutation: Your muscles are strong. (Str +2) [potion of mutation]
   528 | D        | Round 4.
   564 | D        | Reached skill level 1 in Armour
   614 | D        | Reached ****** piety under Makhleb
   621 | D        | Arena points: 280 (+140) [x5]
   675 | D        | Round 5.
   679 | D        | Noticed a black mamba
   679 | D        | Noticed a giant anaconda
   690 | D        | Killed a giant anaconda
   690 | D        | Arena points: 560 (+280) [x7]
   690 | D        | Reached skill level 5 in Armour
   690 | D        | Reached XP level 9. HP: 75/96 MP: 14/16
   693 | D        | Got a serpentine rune of Zot
   695 | D        | Reached skill level 5 in Shields
   695 | D        | Reached XP level 10. HP: 54/104 MP: 14/17
   707 | D        | Bought an ichor-stained hat for 315 gold pieces
   712 | D        | Identified the +1 hat of Heixal {rN+} (You bought it in a shop in the Dungeon)
   882 | D        | Round 6.
   884 | D        | Noticed a two-headed ogre
   890 | D        | Killed a two-headed ogre
   903 | D        | Noticed a two-headed ogre
   903 | D        | Noticed an ogre mage
   903 | D        | Noticed an ogre mage
   909 | D        | Killed an ogre mage
   931 | D        | Killed a two-headed ogre
   934 | D        | Killed an ogre mage
   945 | D        | Noticed a two-headed ogre
   951 | D        | Killed a two-headed ogre
   951 | D        | Arena points: 944 (+384) [x8]
   951 | D        | Reached XP level 11. HP: 117/117 MP: 20/20
   970 | D        | Bought a heavily runed cloak for 332 gold pieces
   980 | D        | Identified the +2 cloak of Reesikka {+Fly Regen+} (You bought it in a shop in the Dungeon)
   985 | D        | Round 7.
  1094 | D        | Reached skill level 10 in Fighting
  1123 | D        | Arena points: 1448 (+504) [x9]
  1123 | D        | Reached skill level 10 in Armour
  1165 | D        | Bought a polished shield for 332 gold pieces
  1170 | D        | Identified the +0 shield of Precision Catastrophes {*Slow MR+ rCorr Int+2} (You bought it in a shop in the Dungeon)
  1191 | D        | Round 8.
  1229 | D        | Noticed a shining eye
  1237 | D        | Killed a shining eye
  1285 | D        | Arena points: 2168 (+720) [x10]
  1340 | D        | Round 9.
  1429 | D        | Arena points: 3059 (+891) [x11]
  1429 | D        | Reached skill level 10 in Shields
  1446 | D        | Bought +0 gold dragon scales for 960 gold pieces
  1474 | D        | Round 10.
  1486 | D        | Noticed a dimme
  1533 | D        | Killed a dimme
  1533 | D        | Arena points: 4229 (+1170) [x13]
  1533 | D        | Reached skill level 13 in Unarmed Combat
  1536 | D        | Got a barnacled rune of Zot
  1537 | D        | Reached XP level 12. HP: 93/126 MP: 21/21
  1550 | D        | Bought 4 scrolls of enchant armour for 300 gold pieces
  1750 | D        | Round 11.
  1844 | D        | Arena points: 5923 (+1694) [x14]
  1853 | D        | Bought 4 scrolls of enchant armour for 300 gold pieces
  1862 | D        | Bought 4 scrolls of enchant armour for 300 gold pieces
  1924 | D        | Round 12.
  1946 | D        | Noticed a ghoul
  1954 | D        | Noticed a ghoul
  1960 | D        | Killed a ghoul
  1960 | D        | Reached skill level 14 in Unarmed Combat
  1974 | D        | Killed a ghoul
  1975 | D        | Noticed a ghoul
  1979 | D        | Noticed a ghoul
  1992 | D        | Killed a ghoul
  1997 | D        | Reached XP level 13. HP: 103/135 MP: 23/23
  2014 | D        | Killed a ghoul
  2014 | D        | Reached skill level 5 in Dodging
  2023 | D        | Arena points: 8083 (+2160) [x15]
  2044 | D        | Bought 15 scrolls of remove curse for 450 gold pieces
  2056 | D        | Bought a clouded golden ring for 45 gold pieces
  2056 | D        | Bought a clouded steel ring for 45 gold pieces
  2056 | D        | Bought a scorched iron amulet for 45 gold pieces
  2056 | D        | Bought a sparkling jade ring for 45 gold pieces
  2056 | D        | Bought a slimy lead ring for 45 gold pieces
  2056 | D        | Bought a bound bone ring for 45 gold pieces
  2056 | D        | Bought a heavily runed bone ring for 45 gold pieces
  2057 | D        | Identified the ring "Vikivy" {rElec rN+ Int+3} (You bought it in a shop in the Dungeon)
  2072 | D        | Round 13.
  2091 | D        | Reached skill level 15 in Unarmed Combat
  2130 | D        | Noticed Nessos
  2169 | D        | Reached skill level 16 in Unarmed Combat
  2171 | D        | Killed Nessos
  2231 | D        | Arena points: 10787 (+2704) [x16]
  2231 | D        | Reached skill level 17 in Unarmed Combat
  2240 | D        | Bought 3 potions of mutation for 168 gold pieces
  2240 | D        | Bought 2 potions of mutation for 112 gold pieces
  2241 | D        | Bought 3 potions of mutation for 168 gold pieces
  2241 | D        | Bought 2 potions of mutation for 112 gold pieces
  2241 | D        | Bought a potion of mutation for 56 gold pieces
  2241 | D        | Lost mutation: Your muscles are strong. (Str +2) [potion of mutation]
  2241 | D        | Lost mutation: Scrolls take you a little longer to read. [potion of mutation]
  2241 | D        | Lost mutation: Your system is resistant to poisons. (rPois) [potion of mutation]
  2241 | D        | Gained mutation: Potions are less effective at restoring your health. [potion of mutation]
  2241 | D        | Gained mutation: You have large cloven feet. [potion of mutation]
  2242 | D        | Lost mutation: You have large cloven feet. [potion of mutation]
  2242 | D        | Gained mutation: You have sharp toenails. [potion of mutation]
  2242 | D        | Gained mutation: You are dopey. (Int -2) [potion of mutation]
  2242 | D        | Gained mutation: Your movements are slightly less encumbered by armour. (ER -2) [potion of mutation]
  2243 | D        | Lost mutation: You have sharp toenails. [potion of mutation]
  2243 | D        | Lost mutation: You are dopey. (Int -2) [potion of mutation]
  2243 | D        | Gained mutation: You are partially covered in molten scales. (AC +2) [potion of mutation]
  2243 | D        | Gained mutation: You passively map a small area around you. [potion of mutation]
  2243 | D        | Lost mutation: You passively map a small area around you. [potion of mutation]
  2243 | D        | Gained mutation: Your muscles are strong. (Str +2) [potion of mutation]
  2244 | D        | Lost mutation: Your muscles are strong. (Str +2) [potion of mutation]
  2244 | D        | Lost mutation: You possess an exceptional clarity of mind. [potion of mutation]
  2244 | D        | Lost mutation: Your movements are slightly less encumbered by armour. (ER -2) [potion of mutation]
  2244 | D        | Gained mutation: You are weak. (Str -2) [potion of mutation]
  2244 | D        | Gained mutation: Your magical capacity is low. (-10% MP) [potion of mutation]
  2244 | D        | Gained mutation: You are robust. (+10% HP) [potion of mutation]
  2245 | D        | Lost mutation: You are partially covered in molten scales. (AC +2) [potion of mutation]
  2245 | D        | Lost mutation: You are weak. (Str -2) [potion of mutation]
  2245 | D        | Lost mutation: You are robust. (+10% HP) [potion of mutation]
  2245 | D        | Gained mutation: Your flesh is heat resistant. (rF+) [potion of mutation]
  2245 | D        | Lost mutation: Your magical capacity is low. (-10% MP) [potion of mutation]
  2245 | D        | Gained mutation: You are partially covered in rugged brown scales. (AC +1, +3% HP) [potion of mutation]
  2277 | D        | Round 14.
  2281 | D        | Reached skill level 15 in Invocations
  2403 | D        | HP: 4/140 [disintegration (30)]
  2405 | D        | Blown up by an orb spider

Vault maps used:
D:        arena_sprint

Skill      XL: |  1  2  3  4  5  6  7  8  9 10 11 12 13 |
---------------+----------------------------------------+-----
Unarmed Combat | 6 9 10 11 13 14 17 | 17.1
Fighting       | 5 7 8 9 10 | 10.8
Invocations    | 6 10 11 13 14 16 | 16.9
Armour         | 5 9 10 | 10.9
Shields        | 5 10 | 10.3
Dodging        | 4 5 |  5.1
Stealth        | |  1.0

Action                   |  1- 3 |  4- 6 |  7- 9 | 10-12 | 13-15 || total
-------------------------+-------+-------+-------+-------+-------++-------
Melee: Unarmed           |    16 |    40 |    30 |   200 |    63 ||   349
       Punch             |       |     2 |     1 |     2 |       ||     5
Invok: Minor Destruction |       |       |       |     7 |       ||     7
       Major Destruction |       |       |       |     9 |    35 ||    44
       Greater Servant o |       |       |       |     1 |     3 ||     4
Evoke: Wand              |     2 |     2 |     1 |       |     1 ||     6
  Use: Potion            |       |       |     5 |     5 |     7 ||    17
       Scroll            |       |       |       |    12 |       ||    12
 Stab: Confused          |       |       |       |       |     2 ||     2
  Eat: Chunk             |       |     5 |       |     5 |     8 ||    18
       Bread ration      |       |       |       |     2 |       ||     2
Armor: Troll leather arm |     1 |    15 |    11 |    19 |       ||    46
       Gold dragon scale |       |       |       |    83 |    76 ||   159
Dodge: Dodged            |     3 |    19 |    13 |    36 |    22 ||    93
Block: Shield            |       |       |       |    64 |    84 ||   148
